 Dungeon Crawl Stone Soup version 0.27-a0-1119-gbf574a6a6b (webtiles) character file.

Game seed: 17443390992778866940

3299 Zeld the Skirmisher (level 10, -8/72 HPs)
             Began as an Octopode Fighter on May 2, 2021.
             Was a Follower of Okawaru.
             Mangled by an orc knight
             ... wielding a +0 glaive
              (27 damage)
             ... in a bailey.
             The game lasted 00:12:02 (12343 turns).

Zeld the Skirmisher (Octopode Fighter)             Turns: 12343, Time: 00:12:02

Health: -8/72      AC:  1    Str: 18    XL:     10   Next: 1%
Magic:  10/10      EV: 12    Int: 12    God:    Okawaru [*.....]
Gold:   105        SH: 19    Dex: 11    Spells: 9/9 levels left

rFire    + . .     SeeInvis .   a - +0 war axe
rCold    . . .     Faith    .   b - +4 kite shield
rNeg     + . .     Spirit   .   (helmet restricted)
rPois    +         Reflect  +   n - amulet of reflection
rElec    .         Harm     .   v - ring of poison resistance
rCorr    .         Rampage  .   z - ring of wizardry
Will     .....                  C - ring of protection from fire
Stlth    ++........             E - ring of positive energy
HPRegen  0.22/turn              (no ring)
MPRegen  0.12/turn              (no ring)
                                (no ring)
                                (no ring)

@: no status effects
A: almost no armour, amphibious, 8 rings, camouflage 1, gelatinous body 1,
(nimble swimmer 1), tentacles
a: Renounce Religion, Heroism


You were in a bailey.
You worshipped Okawaru.
Okawaru was aware of your devotion.
You visited 2 branches of the dungeon, and saw 9 of its levels.
You also visited: Bailey.

You collected 549 gold pieces.
You spent 444 gold pieces at shops.

Inventory:

Hand Weapons
 a - a +0 war axe (weapon)
 H - a +0 war axe
Missiles
 e - 12 javelins
 o - 7 poisoned darts (quivered)
 t - 11 boomerangs
Armour
 b - a +4 kite shield (worn)
Jewellery
 n - an amulet of reflection (around mantle)
 v - a ring of poison resistance (left tentacle)
 z - a ring of wizardry (right tentacle)
 C - a ring of protection from fire (on tentacle)
 E - a ring of positive energy (on tentacle)
Wands
 y - a wand of flame (17)
Scrolls
 d - 3 scrolls of identify {unknown}
 g - a scroll of magic mapping {unknown}
 j - a scroll of fog {unknown}
 k - a scroll of vulnerability {unknown}
 m - a scroll of noise {unknown}
 r - a scroll of immolation {unknown}
 s - 2 scrolls of summoning {unknown}
 u - a scroll of blinking {unknown}
 x - 2 scrolls of teleportation {unknown}
 D - a scroll of silence {unknown}
 F - a scroll of amnesia {unknown}
 G - 3 scrolls of enchant weapon {unknown}
 I - a scroll of acquirement {unknown}
Potions
 c - a potion of magic {unknown}
 f - 3 potions of curing
 h - a potion of lignification {unknown}
 i - a potion of attraction {unknown}
 l - a potion of flight {unknown}
 p - a potion of ambrosia {unknown}
 q - 3 potions of degeneration {unknown}
 w - a potion of invisibility
 A - a potion of mutation {unknown}
 B - a potion of brilliance {unknown}


   Skills:
 * Level 7.8 Fighting
 * Level 7.4 Axes
 - Level 6.0 Throwing
 - Level 3.0 Dodging
 * Level 7.7 Shields


You had 9 spell levels left.
You didn't know any spells.
Your spell library was empty.

Dungeon Overview and Level Annotations

Branches:
Dungeon (8/15)             Temple (1/1) D:7            Lair (0/6) D:8
 Bailey (1/1)

Altars:
Ashenzari
Cheibriados
Dithmenos
Elyvilon
Fedhas
Gozag
Hepliaklqana
Kikubaaqudgha
Makhleb
Nemelex Xobeh
Okawaru
Qazlal
Ru
Sif Muna
Trog
Uskayaw
Vehumet
Wu Jian
Xom
Yredelemnul
Zin
The Shining One

Shops:
D:1 =   D:5 !


Innate Abilities, Weirdness & Mutations

You cannot wear most types of armour.
You are amphibious.
You can wear up to eight rings at the same time.
Your skin changes colour to match your surroundings (Stealth+).
Your rubbery body absorbs attacks. (AC +1, EV +1)
((You are camouflaged near water. (Stealth+)))
You have tentacles for arms and can constrict up to eight enemies at once.


Message History

The orc warrior goes into a battle-frenzy!
Throw: 11 darts (poison)
Press: ? - help, Q - select action, (/) - cycle Shift-Dir - straight line, f/p - orc knight
Aim: an orc knight, wielding a +0 glaive and wearing a +0 ring mail (heavily wounded, 56% to hit)
Okay, then.
Aiming: Throw Flame
Press: ? - help, Shift-Dir - straight line, p - orc knight The puff of flame hits the orc warrior but does no damage.
Unknown command.
Unknown command.
Aiming: Throw Flame
Press: ? - help, Shift-Dir - straight line
Okay, then.
Throw: 11 darts (poison)
Press: ? - help, Q - select action, (/) - cycle Shift-Dir - straight line, f - orc knight
Aim: an orc knight, wielding a +0 glaive and wearing a +0 ring mail (heavily wounded, 56% to hit)
You throw a poisoned dart.
The poisoned dart closely misses the orc knight.
The poisoned dart hits the orc warrior!
The orc warrior is poisoned.
Throw: 10 darts (poison)
Press: ? - help, Q - select action, (/) - cycle Shift-Dir - straight line, f/p - orc knight
Aim: an orc knight, wielding a +0 glaive and wearing a +0 ring mail (heavily wounded, 56% to hit)
You throw a poisoned dart.
The poisoned dart barely misses the orc knight.
Throw: 9 darts (poison)
Press: ? - help, Q - select action, (/) - cycle Shift-Dir - straight line, f/p - orc knight
Aim: an orc knight, wielding a +0 glaive and wearing a +0 ring mail (heavily wounded, 56% to hit)
You throw a poisoned dart.
The poisoned dart barely misses the orc knight.
Throw: 8 darts (poison)
Press: ? - help, Q - select action, (/) - cycle Shift-Dir - straight line, f/p - orc knight
Aim: an orc knight, wielding a +0 glaive and wearing a +0 ring mail (heavily wounded, 56% to hit)
You throw a poisoned dart. The poisoned dart hits the orc knight.
The orc knight is poisoned.
The orc knight is heavily wounded.
The orc knight hits you from afar with a +0 glaive!!
The orc warrior hits you from afar with a +0 trident!
* * * LOW HITPOINT WARNING * * *
The orc knight hits you from afar with a +0 glaive!!
You die...

....≈≈#)#.≈....#####
#......≈##.∩#≈.........
#......≈..^..≈...).....
#......≈##.##≈.........
#......≈≈#.#≈≈.........
#.......≈≈≈≈≈..........
#......................
#......................
#.....@................
#.......o..............
#.......o(..(.(........
#∩.....................
#######################


You could see an orc knight (poisoned) and an orc warrior (strong, very
poisoned).

Vanquished Creatures
  Menkaure (D:4)
  A water moccasin (D:6)
  9 orc warriors
  2 sky beasts (D:6)
  A black bear (D:6)
  A hornet zombie (D:5)
  2 ogres
  2 necrophages
  A centaur (D:7)
  The ghost of nabalzbhf the Caller, an amateur DsSu (D:4)
  The ghost of bisexualwizard the Insei, an amateur OpMo of Hepliaklqana (D:5)
  2 bullfrogs (D:6)
  2 scorpions
  A water moccasin zombie (D:6)
  A wyvern skeleton (D:7)
  3 killer bees (D:7)
  A howler monkey (D:6)
  A centaur zombie (D:4)
  4 jellies
  2 orc priests
  4 hounds
  A centaur skeleton (D:4)
  Jessica (D:3)
  2 iguanas
  4 orc wizards
  8 adders
  A howler monkey skeleton (D:7)
  2 shadow imps
  2 adder skeletons (D:4)
  A worm (D:5)
  5 dart slugs
  30 orcs
  7 endoplasms
  4 giant cockroaches
  11 goblins
  7 hobgoblins
  22 jackals
  2 quokkas
  2 ball pythons
  10 bats
  4 frilled lizards
  7 kobolds
  8 rats
184 creatures vanquished.

Vanquished Creatures (others)
  3 plants (D:8)
3 creatures vanquished.

Grand Total: 187 creatures vanquished

Notes
Turn   | Place    | Note
-------+----------+-------------------------------------------
     0 | D:1      | Zeld the Octopode Fighter began the quest for the Orb.
     0 | D:1      | Reached XP level 1. HP: 16/16 MP: 1/1
   145 | D:1      | Reached XP level 2. HP: 20/21 MP: 2/2
   437 | D:1      | Found Jesor's Jewellery Boutique.
   569 | D:1      | Reached XP level 3. HP: 26/26 MP: 3/3
  1837 | D:2      | Reached XP level 4. HP: 17/33 MP: 4/4
  2331 | D:2      | Found a faded altar of an unknown god.
  3028 | D:3      | Noticed an ogre
  3097 | D:3      | Noticed Jessica
  3109 | D:3      | Reached XP level 5. HP: 32/37 MP: 5/5
  3111 | D:3      | Killed Jessica
  3252 | D:3      | Killed an ogre
  3253 | D:3      | Reached XP level 6. HP: 44/44 MP: 6/6
  3405 | D:3      | You fall into a shaft and drop 3 floors!
  3411 | D:6      | Found a blossoming altar of Fedhas.
  3439 | D:5      | Entered Level 5 of the Dungeon
  3953 | D:4      | Noticed a necrophage
  3963 | D:4      | Killed a necrophage
  4625 | D:4      | Reached skill level 1 in Throwing
  4672 | D:4      | Reached XP level 7. HP: 49/49 MP: 7/7
  4774 | D:4      | Noticed Menkaure
  4790 | D:4      | Killed Menkaure
  5296 | D:4      | Found a runed translucent gate.
  5296 | D:4      | Found a runed translucent gate.
  5298 | D:4      | Found a runed translucent gate.
  5301 | D:4      | Noticed nabalzbhf's ghost (amateur DsSu)
  5477 | D:4      | Killed nabalzbhf's ghost
  5839 | D:5      | Reached skill level 5 in Throwing
  5839 | D:5      | Reached XP level 8. HP: 52/54 MP: 8/8
  5885 | D:5      | Found Dujair's Distillery.
  5888 | D:5      | Bought a potion of invisibility for 96 gold pieces
  5888 | D:5      | Bought a potion of curing for 36 gold pieces
  5888 | D:5      | Bought a potion of curing for 36 gold pieces
  5889 | D:5      | Bought a potion of invisibility for 96 gold pieces
  5889 | D:5      | Bought a potion of berserk rage for 60 gold pieces
  6027 | D:5      | Found a runed translucent door.
  6030 | D:5      | Noticed bisexualwizard's ghost (amateur OpMo)
  6041 | D:5      | Killed bisexualwizard's ghost
  6242 | D:5      | Reached skill level 5 in Fighting
  6242 | D:5      | Reached skill level 5 in Shields
  6984 | D:6      | Reached skill level 5 in Axes
  7827 | D:6      | Reached XP level 9. HP: 58/62 MP: 9/9
  8665 | D:5      | Bought a potion of haste for 120 gold pieces
  8975 | D:7      | Found a staircase to the Ecumenical Temple.
  8989 | Temple   | Entered the Ecumenical Temple
  9028 | Temple   | Became a worshipper of Warmaster Okawaru
  9953 | D:8      | Reached * piety under Okawaru
 10013 | D:8      | Found a staircase to the Lair.
 10013 | D:8      | Noticed an elephant
 10208 | D:8      | Found a flagged portal.
 10216 | Bailey   | Entered a bailey
 11547 | Bailey   | Reached XP level 10. HP: 49/72 MP: 10/10
 12276 | Bailey   | Noticed an orc knight
 12343 | Bailey   | Mangled by an orc knight

Illustrated notes

Levels and vault maps discovered:
D:1:      dpeg_arrival_rhombi, layout_basic, serial_shops, shop
D:2:      kennysheep_six_static_rooms, layout_basic,
          hellmonk_ecumenical_altar_lost_god
D:3:      layout_loops_ring, serial_glass, glass_columns_a, glass_columns_b,
          grunt_ministairs_10, uniq_jessica
D:4:      layout_rooms, gammafunk_ghost_necromancy, uniq_menkaure
D:5:      layout_gridville, serial_shops, kennysheep_mini,
          ebering_ghost_reflecting_pool
D:6:      layout_basic, lemuel_tele_altar
D:7:      layout_basic, minmay_temple_entry_waves
D:8:      layout_basic, david_lair_generic, enter_bailey_2
Temple:   compressed_dpeg_circular_temple
Bailey:   bailey_polearm_2, bailey

Skill      XL: |  1  2  3  4  5  6  7  8  9 |
---------------+----------------------------+-----
Axes           | 3 4 5 7 |  7.4
Fighting       | 4 6 7 |  7.8
Shields        | 4 6 7 |  7.7
Throwing       | 1 5 6 |  6.0
Dodging        | |  3.0

Action                   |  1- 3 |  4- 6 |  7- 9 | 10-12 || total
-------------------------+-------+-------+-------+-------++-------
Melee: War axe           |    61 |   109 |   200 |     1 ||   371
       Constrict         |    16 |    23 |    43 |       ||    82
       Tentacles         |     8 |    17 |    50 |     1 ||    76
Throw: Javelin           |       |     1 |       |       ||     1
       Dart              |       |       |    26 |     7 ||    33
       Boomerang         |       |       |     5 |       ||     5
Evoke: Wand              |       |       |     2 |     1 ||     3
  Use: Potion            |       |       |    11 |       ||    11
       Scroll            |       |       |     4 |       ||     4
 Stab: Sleeping          |     5 |     7 |     5 |       ||    17
Armor: Skin              |     4 |     7 |     3 |       ||    14
Dodge: Dodged            |    30 |    46 |    86 |     2 ||   164
Block: Kite shield       |    26 |    75 |   190 |     9 ||   300
       Reflection        |       |     1 |    28 |     4 ||    33

Table legend: (Time is in decaauts)
 A = Elapsed time spent in this place.
 B = Non-inter-level travel time spent in this place.
 C = Inter-level travel time spent in this place.
 D = Time resting spent in this place.
 E = Time spent auto-exploring this place.
 F = Levels seen in this place.
 G = Mean time per level.
                   A        B        C        D        E       F      G
               +--------+--------+--------+--------+--------+-----+--------+
         Total |  12515 |  11979 |    536 |   2869 |   7456 |  10 | 1251.5 |
       Dungeon |  10288 |   9766 |    522 |   1147 |   7148 |   8 | 1286.0 |
        Temple |     97 |     83 |     14 |      0 |     75 |   1 |   97.0 |
        Bailey |   2128 |   2128 |      0 |   1722 |    233 |   1 | 2128.0 |
               +--------+--------+--------+--------+--------+-----+--------+

Top non-repeatable levels by time:
     D:6: 2186 daAuts
  Bailey: 2128 daAuts
     D:2: 1767 daAuts
     D:5: 1362 daAuts
     D:1: 1324 daAuts
     D:4: 1223 daAuts
     D:7: 1145 daAuts
     D:3: 984 daAuts
     D:8: 293 daAuts
  Temple: 97 daAuts
